 Dungeon Crawl Stone Soup version 0.28-a0-461-g2dc4ca5097 (webtiles) character file.

Game seed: 1881852671957503987

210 siradein the Skirmisher (level 5, -12/47 HPs)
             Began as a Minotaur Fighter on Sept 13, 2021.
             Mangled by a two-headed ogre (23 damage)
             ... on level 4 of the Dungeon.
             The game lasted 00:12:51 (5246 turns).

siradein the Skirmisher (Minotaur Fighter)          Turns: 5246, Time: 00:12:51

Health: -12/47     AC: 19    Str: 21    XL:     5   Next: 56%
Magic:  4/4        EV:  6    Int:  5    God:
Gold:   111        SH:  5    Dex: 10    Spells: 4/4 levels left

rFire   . . .      SeeInvis .   a - +0 long sword
rCold   . . .      Faith    .   u - +1 buckler {AC+3}
rNeg    . . .      Spirit   .   g - +0 plate armour
rPois   .          Reflect  .   (helmet restricted)
rElec   .          Harm     .   (no cloak)
rCorr   .          Rampage  .   (no gloves)
Will    .....                   (no boots)
Stlth   ..........              (no amulet)
HPRegen 0.15/turn               b - +4 ring of protection
MPRegen 0.09/turn               (no ring)

@: no status effects
A: horns 2, retaliatory headbutt
a: no special abilities


You were on level 4 of the Dungeon.
You visited 1 branch of the dungeon, and saw 5 of its levels.

You collected 276 gold pieces.
You spent 165 gold pieces at shops.

Inventory:

Hand Weapons
 a - a +0 long sword (weapon)
 n - a +2 short sword of holy wrath
Missiles
 k - 6 silver javelins (quivered)
 o - a throwing net
Armour
 g - a +0 plate armour (worn)
 u - a +1 buckler of protection (worn)
Jewellery
 b - a +4 ring of protection (left hand)
Wands
 s - a wand of mindburst (14)
Scrolls
 c - a scroll of noise {unknown}
 e - 6 scrolls of identify {unknown}
 f - a scroll of amnesia {unknown}
 l - a scroll of vulnerability {unknown}
 p - a scroll of enchant armour {unknown}
 v - a scroll of enchant weapon {unknown}
 x - a scroll of teleportation {unknown}
Potions
 d - 2 potions of might
 h - a potion of heal wounds {unknown}
 i - a potion of haste {unknown}
 j - 3 potions of flight {unknown}
 m - a potion of degeneration {unknown}
 q - a potion of invisibility {unknown}
 r - a potion of brilliance {unknown}
 t - a potion of resistance {unknown}
 w - a potion of attraction {unknown}


   Skills:
 + Level 4.9 Fighting
 + Level 4.1 Long Blades
 + Level 4.9 Armour
 + Level 4.9 Shields


You had 4 spell levels left.
You didn't know any spells.
Your spell library contained the following spells:

 Spells                   Type           Power      Damage    Failure   Level
 Corpse Rot               Necr/Air       N/A        N/A       100%        2
 Poisonous Vapours        Pois/Air       0%         N/A       100%        2


Dungeon Overview and Level Annotations

Branches:
Dungeon (5/15)
 Temple: D:4-7

Altars:
Qazlal

Shops:
D:1 [

Annotations:
D:5 Blork the orc, Menkaure


Innate Abilities, Weirdness & Mutations

You have a pair of horns on your head.
You reflexively headbutt those who attack you in melee.


Message History

The two-headed ogre hits you with a +0 giant club.
You completely miss the two-headed ogre.
The two-headed ogre is lightly wounded.
The two-headed ogre hits you with a +0 giant club!!
The two-headed ogre hits you but does no damage.
There is a stone staircase leading up here.
The two-headed ogre hits you but does no damage.
The two-headed ogre hits you with a +0 giant club.
You climb upwards.
There is a stone staircase leading down here.
There is a stone staircase leading down here.
You block the two-headed ogre's attack. The two-headed ogre barely misses you.
There is a stone staircase leading down here.
The two-headed ogre hits you but does no damage. x2
You barely miss the two-headed ogre. You headbutt the two-headed ogre!
The two-headed ogre is lightly wounded.
The two-headed ogre hits you with a +0 giant club!
The two-headed ogre barely misses you.
There is a stone staircase leading down here.
You block the two-headed ogre's attack.
The two-headed ogre hits you with a +0 giant club!
* * * LOW HITPOINT WARNING * * *
There is a stone staircase leading up here.
There is a stone staircase leading down here.
There is a stone staircase leading up here.
You see here a +0 club.
The two-headed ogre hits you with a +0 giant club.
The two-headed ogre hits you with a +0 giant club!
* * * LOW HITPOINT WARNING * * *
There is a stone staircase leading down here.
You climb downwards.
Level annotation: Blork the orc, Menkaure Blork the orc shouts!
Menkaure shouts!
The adder hisses angrily.
Found 6 gold pieces and 23 stones.
Found a stone staircase leading down.
There is a stone staircase leading up here.
Blork the orc casts a spell.
Blork the orc seems to speed up.
You climb upwards.
The two-headed ogre hits you with a +0 giant club!!
You die...

...###....#####.....>...#
...####......##.....#.### #
....####..#..#......### ##
.....###..#>.#.....######## ###.
##...##..##.....###....##.####...
.###......#....###.........#..รท..
......##..#.####...........#..(..
......#........#O..........#..##.
...............<@..##.###.....#..
......##...##......#####.........
..##.......##.......# ##.........
.##....)....#......####.......##.
.##..........................#...
.#.......#.#...##..##......#.#...
...#.....####..##..........##..##
..####.........#.........#..#...#
..###......###.....###...#..#...#


You could see a two-headed ogre.

Vanquished Creatures
  A jelly (D:3)
  4 gnolls (D:3)
  4 adders
  An ufetubus (D:4)
  3 worms
  4 dart slugs
  4 orcs (D:3)
  4 ball pythons
  5 endoplasms
  3 giant cockroaches
  9 goblins
  5 hobgoblins
  7 jackals
  2 kobolds
  3 quokkas
  7 bats
  4 frilled lizards (D:1)
  6 rats
76 creatures vanquished.

Vanquished Creatures (others)
  4 plants (D:3)
  6 toadstools (D:2)
10 creatures vanquished.

Grand Total: 86 creatures vanquished

Notes
Turn   | Place    | Note
-------+----------+-------------------------------------------
     0 | D:1      | siradein the Minotaur Fighter began the quest for the Orb.
     0 | D:1      | Reached XP level 1. HP: 19/19 MP: 0/0
   150 | D:1      | Reached XP level 2. HP: 23/27 MP: 1/1
   574 | D:1      | Found Vuviw's Armour Shoppe.
   701 | D:1      | Found a faded altar of an unknown god.
   831 | D:2      | Reached XP level 3. HP: 19/33 MP: 2/2
  1955 | D:3      | Reached XP level 4. HP: 18/41 MP: 3/3
  2236 | D:3      | HP: 2/41 [gnoll (10)]
  2259 | D:3      | HP: 2/41 [gnoll (3)]
  2974 | D:3      | Reached XP level 5. HP: 44/47 MP: 4/4
  4447 | D:1      | Bought a +1 buckler of protection for 165 gold pieces
  4949 | D:4      | Found a stormy altar of Qazlal.
  5066 | D:5      | Entered Level 5 of the Dungeon
  5066 | D:5      | Noticed Blork the orc
  5066 | D:5      | Noticed Menkaure
  5095 | D:5      | Noticed a two-headed ogre
  5100 | D:5      | Noticed an ice beast
  5246 | D:4      | Mangled by a two-headed ogre

Illustrated notes

Levels and vault maps discovered:
D:1:      eino_arrival_water_cross, layout_basic,
          shapermc_ecumenical_altar_mp_vishouse, serial_shops,
          nicolae_shop_trees, chequers_mini_garden
D:2:      layout_basic, chequers_serial_rivers_small_b, kennysheep_nub,
          minmay_gold_behind_fungi
D:3:      layout_loops_corners, serial_bayou_ford_a, minmay_pentangle
D:4:      layout_cave_pools, kennysheep_mini_moat, hangedman_decor_opposing
D:5:      layout_rooms, general_overflow_altar, nicolae_shop_gadgets,
          uniq_blork_the_orc, uniq_menkaure

Skill      XL: |  1  2  3  4  5 |
---------------+----------------+-----
Shields        | 4 |  4.9
Fighting       | 4 |  4.9
Armour         | 4 |  4.9
Long Blades    | 3 4 |  4.1

Action                   |  1- 3 |  4- 6 || total
-------------------------+-------+-------++-------
Melee: Long sword        |    88 |   111 ||   199
       Headbutt          |    11 |    12 ||    23
Evoke: Wand              |       |     1 ||     1
Armor: Scale mail        |     4 |       ||     4
       Plate armour      |    47 |   100 ||   147
Dodge: Dodged            |    38 |    28 ||    66
Block: Buckler           |    16 |    29 ||    45

Table legend: (Time is in decaauts)
 A = Elapsed time spent in this place.
 B = Non-inter-level travel time spent in this place.
 C = Inter-level travel time spent in this place.
 D = Time resting spent in this place.
 E = Time spent auto-exploring this place.
 F = Levels seen in this place.
 G = Mean time per level.
                   A        B        C        D        E       F      G
               +--------+--------+--------+--------+--------+-----+--------+
         Total |   5307 |   5037 |    270 |    762 |   3427 |   5 | 1061.4 |
       Dungeon |   5307 |   5037 |    270 |    762 |   3427 |   5 | 1061.4 |
               +--------+--------+--------+--------+--------+-----+--------+

Top non-repeatable levels by time:
     D:2: 1938 daAuts
     D:3: 1716 daAuts
     D:1: 913 daAuts
     D:4: 719 daAuts
     D:5: 19 daAuts
